 Dungeon Crawl Stone Soup version 0.21-a0-401-g0b6bec4 (webtiles) character file.

39 Monsterracer the Skirmisher (level 3, 0/31 HPs)
             Began as a Hill Orc Ice Elementalist on Oct 24, 2017.
             Was an Initiate of Qazlal.
             Splashed by Ijyb's acid (11 damage)
             ... on level 3 of the Dungeon.
             The game lasted 00:02:08 (2119 turns).

Monsterracer the Skirmisher (HOIE)                  Turns: 2119, Time: 00:02:08

Health: 0/31       AC: -2    Str: 11    XL:     3   Next: 47%
Magic:  5/5        EV: 12    Int: 15    God:    Qazlal [......]
Gold:   47         SH:  0    Dex: 11    Spells: 5/5 levels left

rFire    . . .     SeeInvis .   g - +1 dagger
rCold    . . .     Gourm    .   (no shield)
rNeg     . . .     Faith    .   a - +0 robe
rPois    .         Spirit   .   (no helmet)
rElec    .         Reflect  .   (no cloak)
rCorr    .         Harm     .   (no gloves)
MR       .....                  (no boots)
Stlth    +.........             (no amulet)
HPRegen  0.10/turn              k - ring of loudness
MPRegen  0.09/turn              (no ring)

@: corroded
A: no striking features
a: Renounce Religion


You were on level 3 of the Dungeon.
You worshipped Qazlal.
Qazlal was noncommittal.
You were not hungry.

You visited 1 branch of the dungeon, and saw 3 of its levels.

You collected 47 gold pieces.

Inventory:

Hand Weapons
 g - a +1 dagger (weapon)
Armour
 a - a +0 robe (worn)
 e - a +0 shield
Jewellery
 k - a ring of loudness (left hand)
Scrolls
 i - a scroll of amnesia
 m - a scroll of identify
Potions
 f - 3 potions of curing
 h - 2 potions of flight
 l - a potion of heal wounds
Comestibles
 b - 2 fruits
 c - 2 bread rations
 d - a royal jelly
 j - a meat ration


   Skills:
 * Level 3.5 Fighting
 - Level 1.5 Dodging
 - Level 1.5 Stealth
 - Level 1.5 Spellcasting
   Level 1.0 Conjurations
   Level 2.6 Ice Magic
 + Level 0.5 Invocations


You had 5 spell levels left.
You didn't know any spells.

Dungeon Overview and Level Annotations

Branches:
Dungeon (3/15)

Altars:
Qazlal
Uskayaw

Annotations:
D:3 Ijyb


Message History

No target in view!
No target in view!
No target in view!
No target in view!
No target in view!
No target in view!
No target in view!
No target in view!
No target in view!
A frilled lizard comes into view.
Health restored: 31 A frilled lizard is nearby!
The frilled lizard hisses angrily.
You hit the frilled lizard.
The frilled lizard is heavily wounded.
The frilled lizard bites you.
You take 2 damage, and have 29/31 hp.
You hit the frilled lizard.
You kill the frilled lizard!
Qazlal accepts your kill.
No target in view!
No target in view!
i - a scroll of amnesia Health restored: 31 You are feeling hungry.
You see here a stone.
Done exploring.
No target in view!
No target in view!
Done exploring.
(D) Dungeon
Where to? (Enter - D:2, ? - help)
What level of the Dungeon? (default 1, ? - help)
You enter a teleport trap!
The teleport trap disappears.
Your surroundings suddenly seem different.
(D) Dungeon
Where to? (Enter - D:3, ? - help)
You see here a stone.
Things that are here:
an uncursed club; an uncursed hunting sling; 6 stones
There is a stone staircase leading down here.
You climb downwards.
Found a scroll labeled LIFFUDD WUECEN.
There is a stone staircase leading up here.
m - a scroll labeled LIFFUDD WUECEN
As you read the scroll labeled LIFFUDD WUECEN, it crumbles to dust.
It is a scroll of recharging.
You aren't carrying any rechargeable items.
m - a scroll of identify
Found a stone staircase leading down.
You are feeling very hungry.
A giant cockroach comes into view.
A giant cockroach is nearby!
The giant cockroach barely misses you.
Found a hunting sling.
You hit the giant cockroach but do no damage.
The giant cockroach closely misses you. x2
You hit the giant cockroach.
The giant cockroach is severely wounded.
The giant cockroach barely misses you.
You hit the giant cockroach.
You kill the giant cockroach!
Qazlal accepts your kill.
No target in view!
No target in view!
No target in view!
You butcher the giant cockroach corpse.
n - a chunk of flesh Eating a chunk of flesh.
You eat the chunk of flesh.
This raw flesh tastes terrible.
Ijyb the Twisted Goblin comes into view.
She is wielding a club.
Ijyb shouts!
Ijyb moves out of view.
f - 3 potions of curing (gained 2) Ijyb is too close now for your liking.
You barely miss Ijyb.
Ijyb zaps a wand.
The bolt of acid misses you.
It is a wand of acid (?/15).
You hit Ijyb but do no damage. Ijyb hits you but does no damage.
You hit Ijyb but do no damage. Ijyb hits you with a club.
You take 2 damage, and have 29/31 hp.
You hit Ijyb.
Ijyb is lightly wounded.
Ijyb closely misses you.
You barely miss Ijyb.
Ijyb is lightly wounded.
Ijyb barely misses you.
You hit Ijyb.
Ijyb is moderately wounded.
Ijyb hits you with a club.
You take 4 damage, and have 25/31 hp.
You closely miss Ijyb.
Ijyb is moderately wounded.
Ijyb barely misses you.
You hit Ijyb but do no damage.
Ijyb is moderately wounded.
Ijyb zaps a wand.
The bolt of acid hits you!
* * * LOW HITPOINT WARNING * * *
The acid corrodes you!
You are splashed with acid!
The acid burns!
You die...

###### #...#.#
...###########...#.#######
#................+........
....##########...#.#######
................<#.###
...###############...#
.....................####
#.###### ########........#
#.######## #...@........#
#>..............g..........
................#....)...##
#####.#######+#.#####.####
...# # .$ .# ##.## ... .#
....# .... ##### ....


You could see Ijyb.

Vanquished Creatures
  An adder (D:2)
  A leopard gecko (D:1)
  4 bats
  2 giant cockroaches
  5 goblins
  2 hobgoblins
  2 jackals (D:1)
  A kobold (D:2)
  A quokka (D:2)
  A ball python (D:2)
  3 frilled lizards
  5 rats
28 creatures vanquished.

Notes
Turn   | Place    | Note
-------+----------+-------------------------------------------
     0 | D:1      | Monsterracer the Hill Orc Ice Elementalist began the quest for the Orb.
     0 | D:1      | Reached XP level 1. HP: 14/14 MP: 3/3
    16 | D:1      | Reached skill level 1 in Fighting
   228 | D:1      | Reached skill level 2 in Fighting
   228 | D:1      | Reached XP level 2. HP: 18/24 MP: 0/4
  1082 | D:2      | Reached skill level 3 in Fighting
  1083 | D:2      | Reached XP level 3. HP: 24/31 MP: 0/5
  1094 | D:2      | HP: 14/31 [hobgoblin/club (2)]
  1279 | D:2      | Found a stormy altar of Qazlal.
  1300 | D:2      | Became a worshipper of Qazlal Stormbringer
  1534 | D:2      | Found a hide-covered altar of Uskayaw.
  2106 | D:3      | Noticed Ijyb
  2119 | D:3      | HP: 11/31 [Ijyb/wand of acid (?/15) (14)]
  2119 | D:3      | Splashed by Ijyb's acid

Vault maps used:
D:1:      ncdulo_watergridlock
D:2:      old_standard_altar, first_bread, grunt_qazlal_clouds
D:3:      lemuel_coloured_pillars_altar, uniq_sigmund, uniq_robin, uniq_ijyb

Skill      XL: |  1  2 |
---------------+-------+-----
Fighting       | 2 3 |  3.5
Dodging        | |  1.5
Stealth        | |  1.5
Spellcasting   | |  1.5
Conjurations   | |  1.0
Ice Magic      | |  2.6
Invocations    | |  0.5

Action                   || total
-------------------------++-------
Melee: Unarmed           ||     8
       Dagger            ||    71
 Cast: Freeze            ||    17
  Use: Scroll            ||     9
 Stab: Sleeping          ||     2
  Eat: Chunk             ||     4
Armor: Robe              ||    24
Dodge: Dodged            ||    56

Table legend:
 A = Spawn XP
 B = Non-spawn XP
 C = Spawn XP percentage of total XP
 D = Spawn monster count
 E = Non-spawn monster count
 F = Spawn count percentage of total count
 G = Total turns spent on level
                    A         B        C        D         E        F      G
               +---------+---------+-------+---------+---------+-------+---------
         Total |       0 |      57 |   0.0 |       0 |      28 |   0.0 |  2119
               +---------+---------+-------+---------+---------+-------+---------
           D:1 |       0 |      20 |   0.0 |       0 |      12 |   0.0 |  1072
           D:2 |       0 |      35 |   0.0 |       0 |      15 |   0.0 |   937
           D:3 |       0 |       2 |   0.0 |       0 |       1 |   0.0 |   110
               +---------+---------+-------+---------+---------+-------+---------

Vault maps used:
D:1:      ncdulo_watergridlock
D:2:      old_standard_altar, first_bread, grunt_qazlal_clouds
D:3:      lemuel_coloured_pillars_altar, uniq_sigmund, uniq_robin, uniq_ijyb
